[Event "Titled Tuesday Blitz December 20 Early 2022"]
[White "RianKapriaga"]
[Black "The_Machine04"]
[WhiteElo "2327"]
[BlackElo "2652"]
[Result "0-1"]
[Round "02"]
[TimeControl "180+2"]
[Date "2022.12.20"]
[WhiteClock "0:00:03"]
[BlackClock "0:00:06"]

1. d4 d6 2. Nf3 Nf6 3. Bf4 g6 4. e3 Bg7 5. h3 O-O 6. Be2 Nc6 7. O-O Nd7 8. Bh2 e5 9. c4 h6 10. Nc3 exd4 11. exd4 Nf6 12. c5 Re8 13. cxd6 cxd6 14. Nb5 Bf8 15. Bd3 Be6 16. Re1 Nd5 17. a3 Rc8 18. Rc1 a6 19. Nc3 Nxc3 20. Rxc3 Bd5 21. Rxe8 Qxe8 22. Bc4 Bxc4 23. Rxc4 Qe4 24. Rc3 Qd5 25. Bf4 Bg7 26. Be3 Re8 27. Qd2 Kh7 28. b4 b5 29. Rd3 Ne7 30. Rc3 Nc8 31. Qc2 Nb6 32. Rc6 Nc4 33. Rxa6 Nxe3 34. fxe3 Rxe3 35. Ra7 Re8 36. Qc7 Bxd4+ 37. Nxd4 Qxd4+ 38. Kh2 Qf4+ 39. g3 Re2+ 40. Kg1 Qf2+ 41. Kh1 Qg2# 0-1


[Site "https://www.chess.com"]

[Event "Titled Tuesday Blitz December 20 Early 2022"]
[White "Roman_Ovetchkin"]
[Black "Pitcher, John"]
[BlackFideId "411485"]
[WhiteElo "2702"]
[BlackElo "2210"]
[Result "1-0"]
[Round "02"]
[TimeControl "180+2"]
[Date "2022.12.20"]
[WhiteClock "0:00:11"]
[BlackClock "0:00:05"]

1. d4 Nf6 2. c4 g6 3. Nc3 Bg7 4. e4 d6 5. Nf3 O-O 6. Be2 e5 7. d5 a5 8. Bg5 h6 9. Be3 Ng4 10. Bd2 f5 11. exf5 gxf5 12. h3 Nf6 13. Qc1 f4 14. g3 e4 15. Nh4 e3 16. fxe3 fxg3 17. Ng6 Rf7 18. Qc2 Na6 19. a3 Nc5 20. Nf4 Qe8 21. Bf3 a4 22. O-O-O Re7 23. Kb1 Nfe4 24. Nxe4 Nxe4 25. Ne6 Bxe6 26. dxe6 Rxe6 27. Rhg1 Qe7 28. Bxe4 Rxe4 29. Rxg3 Kh8 30. Rdg1 Bf6 31. Rg6 Kh7 32. Rxf6 1-0


[Site "https://www.chess.com"]

[Event "Titled Tuesday Blitz December 20 Early 2022"]
[White "Rosenberg, Sergei G"]
[Black "Mikhail_Bryakin"]
[WhiteFideId "4102444"]
[WhiteElo "2418"]
[BlackElo "2765"]
[Result "0-1"]
[Round "02"]
[TimeControl "180+2"]
[Date "2022.12.20"]
[WhiteClock "0:00:07"]
[BlackClock "0:01:03"]

1. d4 Nf6 2. Nf3 c5 3. d5 b5 4. e4 Nxe4 5. Bd3 Nf6 6. O-O c4 7. Be2 Bb7 8. a4 a6 9. axb5 axb5 10. Rxa8 Bxa8 11. d6 e6 12. Nc3 Qb6 13. Be3 Qxd6 14. Nxb5 Qxd1 15. Rxd1 Bxf3 16. gxf3 d5 17. Bxc4 Nc6 18. Bb3 Bb4 19. c3 Be7 20. Nc7+ Kd7 21. Na6 Ra8 22. Nc5+ Bxc5 23. Bxc5 Rb8 24. Ba4 Rxb2 25. c4 Ra2 26. Bb5 Rc2 27. Bd4 Ne8 28. cxd5 exd5 29. Ra1 Nc7 30. Bxc6+ Rxc6 31. Ra7 f6 32. f4 Ke6 33. Kg2 Kf5 34. Be3 h5 35. h4 g6 36. Rb7 Ne6 37. Rf7 Nxf4+ 38. Kf3 Ne6 39. Kg2 d4 40. Bd2 Rc7 41. Rxc7 Nxc7 42. Kf3 Nd5 43. Ke2 Ke4 44. f3+ Kf5 45. Kd3 Nf4+ 46. Kxd4 Ng2 47. Kd5 Nxh4 48. f4 Ng2 49. Kd6 Nxf4 50. Ke7 h4 51. Be1 g5 52. Bf2 Nh5 53. Kd6 h3 54. Bg1 Ng3 55. Kd5 Nf1 56. Kd4 h2 57. Bxh2 Nxh2 58. Ke3 Kg4 59. Kf2 Kh3 60. Kg1 g4 61. Kh1 g3 62. Kg1 Nf3+ 63. Kh1 g2# 0-1


[Site "https://www.chess.com"]

[Event "Titled Tuesday Blitz December 20 Early 2022"]
[White "Rostolis, Riccardo"]
[Black "Giorno, Sven"]
[WhiteFideId "819948"]
[BlackFideId "20645082"]
[WhiteElo "1968"]
[BlackElo "2517"]
[Result "1-0"]
[Round "02"]
[TimeControl "180+2"]
[Date "2022.12.20"]
[WhiteClock "0:00:08"]
[BlackClock "0:00:18"]

1. e4 c6 2. Nc3 d5 3. Nf3 Nf6 4. e5 Ne4 5. d3 Nxc3 6. bxc3 Bg4 7. h3 Bxf3 8. Qxf3 e6 9. d4 Nd7 10. a4 a6 11. Qg3 c5 12. Bd3 Qc7 13. O-O Rc8 14. Be3 h5 15. h4 Nb8 16. f4 g6 17. Rfb1 c4 18. Be2 Nd7 19. Qe1 Be7 20. g3 Rb8 21. Bc1 b5 22. axb5 axb5 23. Ba3 Bxa3 24. Rxa3 Ke7 25. Rba1 Rb7 26. R1a2 Rhb8 27. g4 hxg4 28. Bxg4 b4 29. cxb4 Rxb4 30. Ra1 Qb6 31. c3 Rb1 32. Bd1 Rxa1 33. Rxa1 Qb2 34. Ra7 Qb1 35. h5 gxh5 36. Qh4+ Ke8 37. Qxh5 Qg6+ 38. Qxg6 fxg6 39. Ba4 Rb1+ 40. Kf2 Rc1 41. Rxd7 Rxc3 42. Rxd5+ Ke7 43. Rd7+ Kf8 44. Rd6 Ra3 45. Bc6 Ra2+ 46. Ke3 c3 47. Be4 c2 48. Rc6 Ra3+ 49. Ke2 Rh3 50. Rxc2 Rh2+ 51. Ke3 Rh3+ 52. Kd2 Rh2+ 53. Kc3 Rh3+ 54. Kc4 Ra3 55. Kc5 Ra6 56. Rb2 Ra5+ 57. Kd6 Ra6+ 58. Bc6 g5 59. Rb8+ Kg7 60. Rd8 gxf4 61. Re8 Kg6 62. Rxe6+ Kg5 63. Rf6 Kg4 64. d5 Kg3 65. e6 Ra7 66. Rxf4 Kxf4 67. e7 Ke4 68. e8=Q+ Kd4 69. Qh8+ Kc4 70. Qh4+ Kd3 71. Kc5 Ra5+ 72. Bb5+ Kc3 73. Qb4+ Kc2 74. Qxa5 Kb2 75. d6 Kc2 76. d7 Kb2 77. d8=Q Kc2 78. Qdd2+ Kb1 79. Qab4+ Ka1 80. Qbb2# 1-0


[Site "https://www.chess.com"]

[Event "Titled Tuesday Blitz December 20 Early 2022"]
[White "Salles, Louis"]
[Black "Tsyhanchuk_Stanislav"]
[WhiteFideId "20641826"]
[WhiteElo "2287"]
[BlackElo "2335"]
[Result "1-0"]
[Round "02"]
[TimeControl "180+2"]
[Date "2022.12.20"]
[WhiteClock "0:01:07"]
[BlackClock "0:00:04"]

1. d4 d5 2. c4 c6 3. Nc3 Nf6 4. Nf3 dxc4 5. e3 b5 6. a4 b4 7. Na2 a5 8. Bxc4 Ba6 9. Qe2 e6 10. O-O Bd6 11. Bd2 O-O 12. Nc1 Ne4 13. Nb3 Qb6 14. Rfd1 Bxc4 15. Qxc4 Nd7 16. Rac1 Rfc8 17. Be1 Ndf6 18. Nc5 Qc7 19. Qc2 Bxc5 20. dxc5 Rd8 21. Rd4 Rd5 22. Rxe4 Nxe4 23. Qxe4 Rad8 24. Nd4 g6 25. f4 e5 26. fxe5 Rxe5 27. Qf4 Rde8 28. Bg3 Qd7 29. Qxe5 Rxe5 30. Bxe5 Qd5 31. Bd6 f5 32. b3 g5 33. g3 Qe4 34. Kf2 h5 35. Rc4 h4 36. gxh4 f4 37. exf4 gxf4 38. Nc2 Qd3 39. Bxf4 Qxb3 40. Ne3 Qxa4 41. Be5 Qa2+ 42. Rc2 Qb1 43. Kf3 Qb3 44. h5 Qf7+ 45. Ke4 Qxh5 46. Rg2+ Kf7 47. Nf5 b3 48. h4 Qd1 49. Rg7+ Ke6 50. Nd4+ Qxd4+ 51. Bxd4 a4 52. Ra7 a3 53. Rxa3 b2 54. Bxb2 Kf7 55. Kf5 Kg8 56. Kg6 Kf8 57. Ra7 Ke8 58. Bf6 Kf8 59. Ra8# 1-0


[Site "https://www.chess.com"]

[Event "Titled Tuesday Blitz December 20 Early 2022"]
[White "Sam_ChessMood"]
[Black "ajedrezsinlimites"]
[WhiteElo "2882"]
[BlackElo "2576"]
[Result "1-0"]
[Round "02"]
[TimeControl "180+2"]
[Date "2022.12.20"]
[WhiteClock "0:00:43"]
[BlackClock "0:01:59"]

1. d4 Nf6 2. c4 e6 3. Nf3 b6 4. g3 Bb7 5. Bg2 Be7 6. O-O O-O 7. h4 a5 8. Re1 d5 9. cxd5 exd5 10. Nc3 Nbd7 11. Bf4 Ne4 12. Qc2 Nxc3 13. bxc3 Nf6 14. Ne5 c5 15. Red1 cxd4 16. cxd4 Ne4 17. Bxe4 dxe4 18. Nc6 Qd7 19. d5 Bc5 20. Qxe4 Rfe8 21. Qf3 h6 22. Rac1 Rac8 23. Ne5 Qa4 24. e4 f6 25. Nd3 Qxe4 26. Qxe4 Rxe4 27. Nxc5 Rxc5 28. Rxc5 bxc5 29. d6 1-0


[Site "https://www.chess.com"]

[Event "Titled Tuesday Blitz December 20 Early 2022"]
[White "Sanan_Sjugirov"]
[Black "Chesca, Alexandru"]
[BlackFideId "1214438"]
[WhiteElo "2933"]
[BlackElo "1917"]
[Result "1-0"]
[Round "02"]
[TimeControl "180+2"]
[Date "2022.12.20"]
[WhiteClock "0:00:03"]
[BlackClock "0:00:09"]

1. e4 c5 2. Nf3 Nc6 3. Bb5 Nf6 4. Bxc6 dxc6 5. d3 Bg4 6. Nbd2 e6 7. h3 Bh5 8. g4 Bg6 9. Qe2 Qc7 10. Nc4 Nd7 11. a4 Be7 12. Bd2 e5 13. Bc3 f6 14. Nh4 Nf8 15. Nf5 Ne6 16. Bd2 O-O-O 17. Be3 h5 18. Nxe7+ Qxe7 19. O-O-O Bf7 20. Qe1 Qc7 21. Qc3 Nd4 22. Bxd4 Rxd4 23. b3 Bxc4 24. bxc4 Rdd8 25. Rdg1 g5 26. h4 hxg4 27. hxg5 Rxh1 28. Rxh1 Qg7 29. gxf6 Qxf6 30. Kb2 Kb8 31. Rg1 Rg8 32. Rg3 Rg5 33. Qe1 Qf4 34. Qe2 Rg7 35. Qe1 a6 36. a5 Rg5 37. Kc3 Rg8 38. Qg1 Qf6 39. f3 Qd8 40. Qxc5 1-0


[Site "https://www.chess.com"]

[Event "Titled Tuesday Blitz December 20 Early 2022"]
[White "Schless, Sebastian"]
[Black "Abd El Fatah, Reda Fadel"]
[WhiteFideId "4697987"]
[BlackFideId "10600752"]
[WhiteElo "2056"]
[BlackElo "2134"]
[Result "1-0"]
[Round "02"]
[TimeControl "180+2"]
[Date "2022.12.20"]
[WhiteClock "0:00:12"]
[BlackClock "0:00:16"]

1. e4 e5 2. Nf3 d6 3. Bc4 Be7 4. O-O Nf6 5. d3 O-O 6. Re1 c5 7. Nc3 Nc6 8. a4 Bg4 9. h3 Bh5 10. Nd5 Nxd5 11. Bxd5 Kh8 12. g4 Bg6 13. c3 f6 14. Kg2 Qc7 15. Nh4 Bf7 16. Nf5 Bxd5 17. exd5 Nd8 18. b4 g6 19. Nxe7 Qxe7 20. bxc5 dxc5 21. d4 b6 22. dxe5 fxe5 23. c4 Nf7 24. Bb2 Kg8 25. Ra3 Rae8 26. Rae3 Qh4 27. Qe2 Nd6 28. Rxe5 Rxe5 29. Bxe5 Ne4 30. Qxe4 Qxf2+ 31. Kh1 Rf3 32. Bh2 Rxh3 33. Qe6+ Kg7 34. Qd7+ Kh6 35. g5+ Kxg5 36. Rg1+ Rg3 37. Rxg3+ 1-0


[Site "https://www.chess.com"]

[Event "Titled Tuesday Blitz December 20 Early 2022"]
[White "Schulze Ameling, Hendrik"]
[Black "Felix-Rose"]
[WhiteFideId "12985376"]
[WhiteElo "2021"]
[BlackElo "2299"]
[Result "0-1"]
[Round "02"]
[TimeControl "180+2"]
[Date "2022.12.20"]
[WhiteClock "0:00:13"]
[BlackClock "0:01:12"]

1. e4 c5 2. Nf3 g6 3. d4 cxd4 4. Nxd4 Nc6 5. c4 Nf6 6. Nc3 d6 7. Be2 Nxd4 8. Qxd4 Bg7 9. Be3 O-O 10. Qd2 Be6 11. O-O Qa5 12. f3 Rfc8 13. b3 a6 14. a4 Qb4 15. Rab1 Nd7 16. Bd4 Bxd4+ 17. Qxd4 Nc5 18. Qe3 Qb6 19. f4 Nxa4 20. Qxb6 Nxb6 21. f5 Bd7 22. h4 Bc6 23. fxg6 hxg6 24. h5 Kg7 25. hxg6 fxg6 26. Rf4 Rf8 27. Rg4 Nd7 28. Rg3 Ne5 29. b4 Rf4 30. b5 Bxe4 31. Nxe4 Rxe4 0-1


[Site "https://www.chess.com"]

[Event "Titled Tuesday Blitz December 20 Early 2022"]
[White "Shironin, Daniil Aleks"]
[Black "Garcia Brion, Eduardo"]
[WhiteFideId "55812198"]
[BlackFideId "2223864"]
[WhiteElo "2115"]
[BlackElo "2175"]
[Result "0-1"]
[Round "02"]
[TimeControl "180+2"]
[Date "2022.12.20"]
[WhiteClock "0:00:03"]
[BlackClock "0:00:03"]

1. e4 c5 2. Nf3 d6 3. d4 cxd4 4. Nxd4 Nf6 5. Nc3 a6 6. Bc4 e6 7. Bb3 Be7 8. O-O O-O 9. f4 b5 10. f5 b4 11. Nce2 e5 12. Nf3 Bb7 13. Bd5 Qb6+ 14. Kh1 Nxe4 15. Bxe4 Bxe4 16. Ng3 Bb7 17. Nh5 Nd7 18. Bg5 f6 19. Bd2 d5 20. Qe1 e4 21. Qg3 Rf7 22. Ng1 d4 23. Bh6 Qd6 24. Bf4 Ne5 25. Rad1 Rc8 26. Rf2 Qc6 27. Bxe5 fxe5 28. f6 Bc5 29. Nxg7 Kh8 30. Qh4 Rg8 31. Rf5 Rgxg7 32. fxg7+ Kxg7 33. Qg5+ Qg6 34. Qxg6+ hxg6 35. Rxf7+ Kxf7 36. Ne2 Ke6 37. Ng3 e3 38. Re1 a5 39. Rf1 Bd5 40. b3 e4 41. Rf4 Ke5 42. Rg4 d3 0-1


[Site "https://www.chess.com"]

[Event "Titled Tuesday Blitz December 20 Early 2022"]
[White "Shuvalov, Evgenij"]
[Black "fks_stal_mielec"]
[WhiteFideId "4187237"]
[WhiteElo "2038"]
[BlackElo "2284"]
[Result "1-0"]
[Round "02"]
[TimeControl "180+2"]
[Date "2022.12.20"]
[WhiteClock "0:00:30"]
[BlackClock "0:00:11"]

1. d4 Nf6 2. c4 e6 3. Nc3 Bb4 4. a3 Bxc3+ 5. bxc3 O-O 6. f3 d5 7. e3 c5 8. Bd3 cxd4 9. cxd4 Nc6 10. Bb2 a6 11. cxd5 exd5 12. Ne2 Re8 13. Bc1 Bd7 14. O-O Na7 15. a4 b5 16. a5 Nc6 17. Bd2 Rc8 18. Kh1 Qe7 19. Qb3 Qd6 20. Nf4 h5 21. Rad1 h4 22. Bb1 h3 23. g4 Be6 24. Qd3 Nb4 25. Bxb4 Qxb4 26. g5 Rc3 27. Qd2 Nd7 28. g6 f6 29. Qf2 Qb3 30. Rde1 Nf8 31. e4 dxe4 32. Rxe4 Bd7 33. Ba2 Rxe4 34. Bxb3+ Rxb3 35. fxe4 Bc6 36. d5 Bb7 37. Qh4 Re3 38. Ne6 Rxe4 39. Qxe4 Nxe6 40. Qxe6+ Kf8 41. Re1 Bxd5+ 42. Qxd5 b4 43. Qf7# 1-0


[Site "https://www.chess.com"]

[Event "Titled Tuesday Blitz December 20 Early 2022"]
[White "Skoularikis, Fotios"]
[Black "Tobias_Koelle"]
[WhiteFideId "4200500"]
[WhiteElo "2223"]
[BlackElo "2779"]
[Result "0-1"]
[Round "02"]
[TimeControl "180+2"]
[Date "2022.12.20"]
[WhiteClock "0:00:45"]
[BlackClock "0:02:09"]

1. e4 d6 2. d4 Nf6 3. Nc3 Nbd7 4. h4 e5 5. d5 c6 6. f3 cxd5 7. exd5 a6 8. Be3 Be7 9. Nge2 O-O 10. Ng3 Nb6 11. Qd2 Qc7 12. b3 Nfxd5 13. Nxd5 Nxd5 14. Qxd5 Qc3+ 15. Kf2 Qxa1 16. Qd2 Qxa2 17. Qc3 Be6 18. Bc4 Bxc4 19. Ra1 Qxa1 20. Qxa1 Be6 21. h5 Bh4 22. h6 f5 23. hxg7 Rf7 24. f4 Rxg7 25. Kg1 Bxg3 26. Qd1 Bxf4 27. Bxf4 exf4 28. Qxd6 Bd7 29. Qd5+ Kh8 30. Qxb7 Rag8 31. Kf1 Bb5+ 0-1


[Site "https://www.chess.com"]

[Event "Titled Tuesday Blitz December 20 Early 2022"]
[White "SlipperySpeedster"]
[Black "AlmasChampion1"]
[WhiteElo "2551"]
[BlackElo "2747"]
[Result "1/2-1/2"]
[Round "02"]
[TimeControl "180+2"]
[Date "2022.12.20"]
[WhiteClock "0:00:11"]
[BlackClock "0:00:26"]

1. Nf3 Nf6 2. d4 g6 3. g3 Bg7 4. Bg2 O-O 5. O-O d6 6. a4 Nbd7 7. Nbd2 e5 8. e4 Re8 9. Re1 exd4 10. Nxd4 Nc5 11. b4 Ne6 12. Nxe6 Bxe6 13. Bb2 a5 14. b5 c6 15. bxc6 bxc6 16. e5 Nd7 17. Bxc6 Rc8 18. Bb5 Rc5 19. Ne4 Rd5 20. Qe2 Bxe5 21. c4 Bxb2 22. Qxb2 Re5 23. Nxd6 Rxe1+ 24. Rxe1 Rf8 25. Qd4 Nf6 26. c5 Nd5 27. Bc4 Nc7 28. Bf1 Bd5 29. Qc3 Ne6 30. Rd1 Qa8 31. Qe5 Bf3 32. Rc1 h6 33. Bc4 Ng5 34. Qf6 Bd5 35. Bd3 Nf3+ 36. Kf1 Nxh2+ 37. Ke2 Bf3+ 38. Kd2 Ng4 39. Qf4 Nxf2 40. Qxh6 Nxd3 41. Nf5 gxf5 42. Qg5+ Kh7 43. Rh1+ Bxh1 44. Qh5+ Kg8 45. Qg5+ Kh8 46. Qh5+ Kg7 47. Qg5+ Kh7 48. Qh5+ Kg8 49. Qg5+ Kh8 50. Qh4+ Kg7 51. Qg5+ Kh7 1/2-1/2


[Site "https://www.chess.com"]

[Event "Titled Tuesday Blitz December 20 Early 2022"]
[White "Sokolov, Ivan"]
[Black "GHANDEEVAM2003"]
[WhiteFideId "14400030"]
[WhiteElo "2590"]
[BlackElo "3050"]
[Result "0-1"]
[Round "02"]
[TimeControl "180+2"]
[Date "2022.12.20"]
[WhiteClock "0:00:01"]
[BlackClock "0:00:14"]

1. b3 e5 2. Bb2 d6 3. e3 f5 4. d4 e4 5. d5 Nf6 6. c4 g6 7. Ne2 Bg7 8. Nf4 O-O 9. Qd2 Na6 10. Nc3 g5 11. Nfe2 Nc5 12. Nd4 a5 13. h4 gxh4 14. Be2 Ng4 15. f3 Ne5 16. O-O-O a4 17. Kb1 axb3 18. axb3 Ned3 19. Bxd3 Nxd3 20. fxe4 fxe4 21. Nxe4 Nxb2 22. Kxb2 Qe7 23. Nc3 Bg4 24. Rdf1 h5 25. Qd3 Rae8 26. Rxf8+ Rxf8 27. Qd2 Qe5 28. Re1 Qg3 29. Ne4 Qh2 30. Ng5 h3 31. Qc2 Qxg2 32. Re2 Bxd4+ 33. Ka3 Bf5 0-1


[Site "https://www.chess.com"]

[Event "Titled Tuesday Blitz December 20 Early 2022"]
[White "Sovetov, Oleksandr"]
[Black "tusplingher"]
[WhiteFideId "34105786"]
[WhiteElo "1976"]
[BlackElo "2362"]
[Result "0-1"]
[Round "02"]
[TimeControl "180+2"]
[Date "2022.12.20"]
[WhiteClock "0:00:06"]
[BlackClock "0:00:05"]

1. Nf3 Nf6 2. c4 e6 3. e3 c5 4. d4 cxd4 5. exd4 d5 6. Nc3 dxc4 7. Bxc4 Nc6 8. O-O Be7 9. a3 O-O 10. Qd3 b6 11. Ba2 Bb7 12. Re1 Qd7 13. Bg5 Rad8 14. Bb1 Nxd4 15. Ne5 Qc7 16. Bxf6 Nf3+ 17. gxf3 Rxd3 18. Bxe7 Qxe7 19. Bxd3 Qg5+ 20. Kf1 Qh5 21. Be4 Bxe4 22. Rxe4 f6 23. Nd7 Rd8 24. Rd1 Qxf3 25. Nxf6+ Qxf6 26. Rxd8+ Qxd8 27. Rxe6 Qd3+ 28. Re2 Qh3+ 29. Kg1 Qg4+ 30. Kf1 h5 31. Re3 Qc4+ 32. Kg2 Kh7 33. h3 Qc6+ 34. Kh2 Qd6+ 35. Kg2 Qd2 36. Re2 Qd4 37. Re3 a6 38. b4 a5 39. bxa5 bxa5 40. Ne4 Qd5 41. Kh2 Qe5+ 42. Ng3 Qf4 43. Kg2 h4 44. Ne2 Qg5+ 45. Kf1 Qf5 46. Ng1 Qb1+ 47. Kg2 a4 48. Nf3 Qg6+ 49. Kh2 Qf6 50. Kg2 g5 51. Re4 Qc6 52. Rg4 Kh6 53. Rxg5 Qc3 54. Rg4 Qxa3 55. Nxh4 Qb3 56. Nf5+ Kh7 57. Nd4 Qd5+ 58. Kh2 a3 59. Nc2 a2 60. Ra4 Qe5+ 61. Kg2 Qg5+ 62. Kh2 Qe5+ 63. Kg2 Qb2 64. Ra7+ Kg6 65. Nb4 Qxb4 66. Rxa2 Qe4+ 67. Kg3 Qe5+ 68. Kg2 Qd5+ 69. Kg3 Qxa2 0-1


[Site "https://www.chess.com"]

[Event "Titled Tuesday Blitz December 20 Early 2022"]
[White "Sunny_Star"]
[Black "Midgardsormur"]
[WhiteElo "2241"]
[BlackElo "2460"]
[Result "0-1"]
[Round "02"]
[TimeControl "180+2"]
[Date "2022.12.20"]
[WhiteClock "0:00:00"]
[BlackClock "0:00:04"]

1. d4 Nf6 2. c4 e6 3. Nc3 Bb4 4. Nf3 O-O 5. e3 b6 6. Bd3 Bb7 7. Qc2 d6 8. e4 e5 9. d5 Nbd7 10. O-O Bxc3 11. Qxc3 Nc5 12. Qc2 a5 13. Bg5 h6 14. Bh4 g5 15. Bg3 Nh5 16. Ne1 Nf4 17. f3 Qf6 18. Bf2 Kg7 19. Be3 Rg8 20. g3 Kh8 21. Kh1 Nfxd3 22. Nxd3 Qg6 23. Nxc5 bxc5 24. f4 gxf4 25. gxf4 exf4 26. Rxf4 Rae8 27. Rg1 Qh5 28. Qc3+ Kh7 29. Qf6 Rxg1+ 30. Bxg1 Rf8 31. Rf5 Qg6 32. Qe7 Rg8 33. Qxf7+ Qxf7 34. Rxf7+ Rg7 35. Rxg7+ Kxg7 36. Be3 Bc8 37. Kg2 Bg4 38. b3 Bd1 39. Bf4 Kf6 40. Kf2 h5 41. Ke3 a4 42. bxa4 Bxa4 43. Bg3 Kg5 44. h3 h4 45. Bf4+ Kg6 46. e5 Kh5 47. exd6 cxd6 48. Bxd6 Bd7 49. Bxc5 Bxh3 50. Bd6 Bg2 0-1


[Site "https://www.chess.com"]

[Event "Titled Tuesday Blitz December 20 Early 2022"]
[White "Talcrifice"]
[Black "Abasov, Nijat"]
[BlackFideId "13402960"]
[WhiteElo "2621"]
[BlackElo "2634"]
[Result "0-1"]
[Round "02"]
[TimeControl "180+2"]
[Date "2022.12.20"]
[WhiteClock "0:01:34"]
[BlackClock "0:01:46"]

1. d4 Nf6 2. c4 e6 3. g3 b6 4. Bg2 c6 5. Nc3 d5 6. cxd5 cxd5 7. e4 dxe4 8. Nxe4 Nd5 9. Ne2 Be7 10. O-O O-O 11. h4 Bb7 12. N2c3 Nd7 13. Re1 N7f6 14. Ng5 Nxc3 15. bxc3 Bxg2 16. Kxg2 Rc8 17. Bd2 Qd5+ 18. Qf3 Qxf3+ 19. Kxf3 h6 20. Ne4 Rc4 21. Nxf6+ Bxf6 22. Ke4 Rfc8 23. Kd3 Ra4 24. Reb1 Rd8 25. f4 Bxd4 26. Kc2 Bf2 27. g4 Bxh4 28. Rf1 Be7 29. g5 h5 30. g6 fxg6 31. Rg1 Kf7 32. Rg2 Bf6 33. Kb3 Ra5 34. a4 h4 35. Rag1 h3 36. Rh2 Rd3 37. Kc2 Rf3 0-1


[Site "https://www.chess.com"]

[Event "Titled Tuesday Blitz December 20 Early 2022"]
[White "The_filthy"]
[Black "sergeikim"]
[WhiteElo "2377"]
[BlackElo "2606"]
[Result "1-0"]
[Round "02"]
[TimeControl "180+2"]
[Date "2022.12.20"]
[WhiteClock "0:00:32"]
[BlackClock "0:01:07"]

1. e4 e5 2. Nf3 Nc6 3. Bb5 a6 4. Ba4 Nf6 5. d3 b5 6. Bb3 Bc5 7. Nc3 d6 8. Bg5 h6 9. Bh4 Bg4 10. Bd5 Bd7 11. Qd2 g5 12. Bg3 b4 13. Ne2 Nxd5 14. exd5 Ne7 15. d4 exd4 16. Nexd4 Nxd5 17. O-O-O Qf6 18. Rhe1+ Kf8 19. Nb3 Be6 20. Nxc5 dxc5 21. Be5 Qg6 22. Bxh8 c4 23. Qd4 b3 24. axb3 cxb3 25. cxb3 Rb8 26. Qe5 Rb5 27. Rd4 Nb4 28. Rd8+ Ke7 29. Qxc7# 1-0


[Site "https://www.chess.com"]

[Event "Titled Tuesday Blitz December 20 Early 2022"]
[White "TheoSlade"]
[Black "Imperial, Genghis"]
[BlackFideId "5230403"]
[WhiteElo "2571"]
[BlackElo "1812"]
[Result "0-1"]
[Round "02"]
[TimeControl "180+2"]
[Date "2022.12.20"]
[WhiteClock "0:00:13"]
[BlackClock "0:01:18"]

1. d4 Nf6 2. c4 g6 3. Nc3 Bg7 4. e4 d6 5. Nf3 O-O 6. Be2 e5 7. Be3 exd4 8. Nxd4 Re8 9. f3 c6 10. Bf2 d5 11. exd5 cxd5 12. O-O Nc6 13. c5 Bf8 14. Kh1 Bd7 15. Qd2 Rc8 16. Nxc6 bxc6 17. Bg3 Nh5 18. Bf2 Qf6 19. Ba6 Rb8 20. Bd4 Qh4 21. Rfe1 Rxb2 22. Qxb2 Rxe1+ 23. Rxe1 Qxe1+ 24. Bg1 Bxc5 25. Qb8+ Kg7 26. Ne2 Bxg1 27. Nxg1 Qe3 28. Qd6 Nf6 29. Ne2 c5 30. h3 c4 31. Nf4 c3 32. Bd3 Be6 33. Qc7 d4 34. Nxe6+ Qxe6 35. Qxa7 Qe3 36. Qa6 c2 37. Bxc2 Qc1+ 38. Kh2 Qxc2 0-1


[Site "https://www.chess.com"]

[Event "Titled Tuesday Blitz December 20 Early 2022"]
[White "TigrVShlyape"]
[Black "Malich, Burkhard, Dr."]
[BlackFideId "4611330"]
[WhiteElo "2914"]
[BlackElo "2323"]
[Result "1-0"]
[Round "02"]
[TimeControl "180+2"]
[Date "2022.12.20"]
[WhiteClock "0:00:45"]
[BlackClock "0:00:03"]

1. e4 c5 2. Nf3 Nc6 3. d4 cxd4 4. Nxd4 Nf6 5. Nc3 e5 6. Ndb5 d6 7. Bg5 a6 8. Na3 b5 9. Nd5 Be7 10. Bxf6 Bxf6 11. c3 Rb8 12. Nc2 Bg5 13. g3 O-O 14. Bg2 a5 15. a3 Ne7 16. Nce3 Bxe3 17. Nxe3 b4 18. axb4 axb4 19. c4 b3 20. O-O Qb6 21. Qd2 Be6 22. Rfd1 Rfd8 23. h4 Nc6 24. Nf5 f6 25. Rac1 Qc5 26. h5 Ra8 27. Rc3 Rab8 28. h6 g6 29. Ng7 Bf7 30. Rf3 f5 31. exf5 Nd4 32. Rc3 gxf5 33. Qg5 Bg6 34. Bd5+ Kh8 35. Ne6 Rf8 36. Nxc5 Ne2+ 37. Kh2 Nxc3 38. Qe7 Rg8 39. Qf6+ 1-0


[Site "https://www.chess.com"]

[Event "Titled Tuesday Blitz December 20 Early 2022"]
[White "TokChess"]
[Black "WiktoriaPOL"]
[WhiteElo "2504"]
[BlackElo "2241"]
[Result "1-0"]
[Round "02"]
[TimeControl "180+2"]
[Date "2022.12.20"]
[WhiteClock "0:01:04"]
[BlackClock "0:00:02"]

1. e4 c5 2. Nf3 d6 3. d4 cxd4 4. Nxd4 Nf6 5. Nc3 a6 6. Be2 e5 7. Nf3 Be7 8. a4 O-O 9. O-O b6 10. Bg5 Bb7 11. Bxf6 Bxf6 12. Nd5 Bg5 13. Nxg5 Qxg5 14. Nxb6 Bxe4 15. Bf3 Bxf3 16. Qxf3 Ra7 17. Rfd1 Rd8 18. a5 Qg6 19. Rd2 Nd7 20. Rad1 Nc5 21. b4 Ne6 22. c3 Nf4 23. g3 Rc7 24. Rxd6 Re8 25. Rxg6 1-0


[Site "https://www.chess.com"]

[Event "Titled Tuesday Blitz December 20 Early 2022"]
[White "Tomescu, Vlad"]
[Black "Korchmar_Vasiliy"]
[WhiteFideId "1201026"]
[WhiteElo "2323"]
[BlackElo "2703"]
[Result "0-1"]
[Round "02"]
[TimeControl "180+2"]
[Date "2022.12.20"]
[WhiteClock "0:00:03"]
[BlackClock "0:00:05"]

1. Nf3 d5 2. c4 c6 3. b3 Bg4 4. e3 e6 5. Bb2 Nf6 6. Be2 Nbd7 7. O-O Bd6 8. h3 Bh5 9. d4 Qb8 10. Nc3 O-O 11. Rc1 Re8 12. Re1 a6 13. Qc2 b5 14. c5 Bc7 15. b4 a5 16. a3 Bxf3 17. Bxf3 e5 18. Qf5 exd4 19. exd4 Nf8 20. Re2 Ne6 21. Rd1 axb4 22. axb4 Nf4 23. Rxe8+ Qxe8 24. Bc1 Ne6 25. Be3 Ra3 26. Qc2 Qa8 27. Qb2 h6 28. Bc1 Ra6 29. Be3 Ra3 30. Bc1 Ra1 31. Be3 Ra7 32. Re1 Nh7 33. Bg4 Nhf8 34. Rd1 Ra3 35. Bc1 Ra1 36. Be3 Ra7 37. Re1 Nf4 38. Rd1 Ra3 39. g3 N4e6 40. Kg2 Kh7 41. Bf5+ g6 42. Bg4 h5 43. Bf3 Kg7 44. Qc2 Nd7 45. h4 Nf6 46. Re1 Ra6 47. Rd1 Ra3 48. Re1 Ra1 49. Rxa1 Qxa1 50. Ne2 Qa3 51. Qd2 Qb3 52. Nf4 Bxf4 53. Bxf4 Nxf4+ 54. gxf4 Qb1 55. Kg3 Qf5 56. Qe3 Qb1 57. Qe5 Qxb4 58. f5 Qb1 59. fxg6 Qxg6+ 60. Kh2 b4 61. Qc7 b3 62. Qb6 Qc2 63. Bg2 b2 64. Qxc6 b1=Q 65. Qd6 Qxf2 66. Qe5 Qbg1+ 67. Kh3 Qgxg2# 0-1


[Site "https://www.chess.com"]

[Event "Titled Tuesday Blitz December 20 Early 2022"]
[White "Truequitos"]
[Black "sofaceindisguise"]
[WhiteElo "2536"]
[BlackElo "2741"]
[Result "0-1"]
[Round "02"]
[TimeControl "180+2"]
[Date "2022.12.20"]
[WhiteClock "0:00:04"]
[BlackClock "0:00:23"]

1. Nf3 d5 2. g3 Nd7 3. d4 Nb6 4. Bg2 Nf6 5. Ne5 Bf5 6. a4 a5 7. O-O e6 8. b3 Be7 9. Ba3 Bxa3 10. Nxa3 O-O 11. c4 c6 12. Nb1 Nbd7 13. Nd3 Be4 14. f3 Bxd3 15. Qxd3 e5 16. Nc3 exd4 17. Qxd4 c5 18. Qh4 d4 19. Nb5 Ra6 20. f4 Re6 21. Rfe1 b6 22. e4 dxe3 23. Rad1 Qb8 24. Nc3 Rfe8 25. Nd5 Nxd5 26. Bxd5 R6e7 27. Rd3 Qc7 28. Qh5 Nf6 29. Qf3 e2 30. Rd2 Re3 31. Rdxe2 Rxe2 32. Rxe2 Rxe2 33. Qxe2 g6 34. Qe5 Qxe5 35. fxe5 Ne8 36. e6 fxe6 37. Bxe6+ Kg7 38. Kf2 Kf6 39. Bd7 Nd6 40. Kf3 Ke5 41. Ke3 Ne4 42. Bc6 Nd6 43. Ba8 Nf5+ 44. Kd3 Nd4 45. Kc3 g5 46. Bd5 h5 47. Bg2 g4 48. Bd5 Nf5 49. Kd3 Nd4 50. Kc3 Kf5 51. Ba8 Kg5 52. Bb7 h4 53. gxh4+ Kxh4 54. Bc8 Nf3 55. Kd3 Nxh2 56. Ke4 g3 57. Ke3 Ng4+ 58. Kf3 Ne5+ 59. Kg2 Nc6 60. Bf5 Nd4 61. Be4 Nxb3 62. Bc6 Nd2 63. Bb5 Kg4 64. Ba6 Kf4 0-1


[Site "https://www.chess.com"]